 Dungeon Crawl Stone Soup version 0.28.0 (webtiles) character file.

Game seed: 5544191645625323285

235 browni3141 the Chopper (level 5, 0/72 HPs)
             Began as a Minotaur Berserker on Feb 17, 2022.
             Was a Believer of Trog.
             Slain by an orc priest (1 damage)
             ... on level 4 of the Dungeon.
             The game lasted 00:01:25 (3176 turns).

browni3141 the Chopper (Minotaur Berserker)         Turns: 3176, Time: 00:01:26

Health: 0/72       AC:  5    Str: 24    XL:     5   Next: 76%
Magic:  4/4        EV: 12    Int:  4    God:    Trog [**....]
Gold:   95         SH:  0    Dex:  9    Spells: 4/4 levels left

rFire   . . .      SeeInvis .   a - +0 hand axe
rCold   . . .      Faith    .   (no shield)
rNeg    . . .      Spirit   .   b - +0 animal skin
rPois   .          Reflect  .   (helmet restricted)
rElec   .          Harm     .   (no cloak)
rCorr   .          Rampage  .   (no gloves)
Will    ++...                   d - +2 pair of boots {Fly}
Stlth   ..........              (no amulet)
HPRegen 1.22/turn               (no ring)
MPRegen 0.09/turn               (no ring)

@: berserking, strong-willed, flying, regenerating, very quick
A: horns 2, retaliatory headbutt
a: Renounce Religion, Berserk, Trog's Hand


You were on level 4 of the Dungeon.
You worshipped Trog.
Trog was pleased with you.
You visited 1 branch of the dungeon, and saw 4 of its levels.

You collected 95 gold pieces.


Innate Abilities, Weirdness & Mutations

You have a pair of horns on your head.
You reflexively headbutt those who attack you in melee.


   Skills:
 + Level 5.0 Fighting
 * Level 6.1 Axes
 + Level 4.1 Armour
 - Level 2.1 Dodging


You had 4 spell levels left.
You didn't know any spells.
Your spell library was empty.

Inventory:

Hand Weapons
 a - a +0 hand axe (weapon)
Missiles
 h - a throwing net (quivered)
Armour
 b - a +0 animal skin (worn)
 d - a +2 pair of boots of flying (worn)
Jewellery
 W - a ring of magical power
Scrolls
 c - a scroll of teleportation {unknown}
 e - a scroll of magic mapping {unknown}
 g - a scroll of identify {unknown}
 j - a scroll of amnesia {unknown}
 l - 2 scrolls of enchant weapon {unknown}
 m - a scroll of holy word {unknown}
 n - a scroll of vulnerability {unknown}
 o - a scroll of acquirement {unknown}
Potions
 f - a potion of curing {unknown}
 i - a potion of heal wounds {unknown}
 k - a potion of ambrosia {unknown}

Dungeon Overview and Level Annotations

Branches:
Dungeon (4/15)
 Temple: D:4-7

Altars:
Dithmenos

.## ...# ....... ....#
#........ .....#
#......... ...?..#
#.......... .......##
#...#.[.....
....gZg{####...# .......
.....go@.##...###.......
......g{##....##.†......
......##!....##.........
.....# ###..##...##.....
....# ##.....## ####
..## ####...## .
###.....## ####.......#
#.....<....#


You could see an orc priest, 4 gnolls and an adder skeleton.


Message History

* * * LOW HITPOINT WARNING * * *
The orc closely misses you. You furiously retaliate!
You headbutt the orc. The orc wizard casts a spell at you.
The magic dart hits you.
* * * LOW HITPOINT WARNING * * *
The gnoll barely misses you.
You hit something but do no damage. You hit the orc wizard.
You closely miss the orc. The orc hits you with a +0 short sword.
* * * LOW HITPOINT WARNING * * *
Something hits you.
* * * LOW HITPOINT WARNING * * *
The orc wizard hits you but does no damage.
You slash the orc!
You kill the orc!
Trog accepts your kill.
You hit something. You closely miss the orc wizard.
The gnoll completely misses you. Something hits you but does no damage.
You slash the orc! Your headbutt misses the orc.
The orc is almost dead.
You closely miss the orc wizard. You barely miss something.
The orc wizard casts a spell.
The orc wizard flickers and vanishes!
The gnoll barely misses you. The orc misses you. You furiously retaliate!
You headbutt the orc!!
You kill the orc!
Trog accepts your kill. Something hits you but does no damage.
The gnoll hits you but does no damage. Something hits you.
* * * LOW HITPOINT WARNING * * *
The orc priest hits you with a +0 flail.
You die...

Skill      XL: |  1  2  3  4  5 |
---------------+----------------+-----
Axes           | 4 5 6 |  6.1
Fighting       | 4 5 |  5.0
Armour         | 3 4 |  4.1
Dodging        | |  2.1

Action                   |  1- 3 |  4- 6 || total
-------------------------+-------+-------++-------
Melee: Hand axe          |    71 |    57 ||   128
       Headbutt          |     6 |     3 ||     9
Invok: Berserk           |       |     1 ||     1
       Trog's Hand       |       |     1 ||     1
 Stab: Sleeping          |     1 |       ||     1
Armor: Animal skin       |    19 |    18 ||    37
Dodge: Dodged            |    43 |    51 ||    94

Levels and vault maps discovered:
D:1:      roderic_chinese_lattice_arrival, layout_basic
D:2:      layout_rooms, lemuel_another_geyser
D:3:      layout_loops_corners, nicolae_dithmenos_the_darkroom,
          shapermc_ecumenical_altar_acropolis, dk_noncrumbling_2,
          kennysheep_generic_room_3, uniq_natasha
D:4:      layout_cave_pods

Notes
Turn   | Place    | Note
-------+----------+-------------------------------------------
     0 | D:1      | browni3141 the Minotaur Berserker began the quest for the
                  | Orb.
     0 | D:1      | Reached XP level 1. HP: 19/19 MP: 0/0
   373 | D:1      | Reached skill level 4 in Axes
   373 | D:1      | Reached XP level 2. HP: 23/27 MP: 1/1
  1102 | D:2      | Reached skill level 4 in Fighting
  1196 | D:2      | Reached skill level 3 in Armour
  1210 | D:2      | Reached XP level 3. HP: 33/33 MP: 2/2
  1544 | D:3      | Found a faded altar of an unknown god.
  1787 | D:3      | Reached skill level 5 in Axes
  1787 | D:3      | Reached XP level 4. HP: 41/41 MP: 3/3
  1867 | D:3      | Reached ** piety under Trog
  1975 | D:3      | Noticed Natasha
  1984 | D:3      | Killed Natasha
  2045 | D:3      | Found a shadowy altar of Dithmenos.
  2566 | D:3      | Noticed Natasha
  2575 | D:3      | Killed Natasha
  2576 | D:3      | Reached XP level 5. HP: 37/47 MP: 4/4
  3041 | D:4      | Reached skill level 4 in Armour
  3058 | D:4      | Reached skill level 5 in Fighting
  3058 | D:4      | Reached skill level 6 in Axes
  3172 | D:4      | HP: 6/72 [orc wizard/magic dart (6)]
  3173 | D:4      | HP: 1/72 [something (3)]
  3176 | D:4      | Slain by an orc priest

Vanquished Creatures
  A bullfrog zombie (D:4)
  An iguana (D:3)
  Natasha (twice) (D:3)
  2 hound skeletons
  5 adders
  An ufetubus (D:3)
  A worm (D:2)
  A dart slug (D:2)
  3 orcs
  2 bats
  5 endoplasms
  2 giant cockroaches
  4 goblins
  4 hobgoblins
  4 kobolds
  A quokka (D:1)
  5 ball pythons
  2 frilled lizards
  3 rats
49 creatures vanquished.

Vanquished Creatures (others)
  A fungus (D:3)
1 creature vanquished.

Grand Total: 50 creatures vanquished

Table legend: (Time is in decaauts)
 A = Elapsed time spent in this place.
 B = Non-inter-level travel time spent in this place.
 C = Inter-level travel time spent in this place.
 D = Time resting spent in this place.
 E = Time spent auto-exploring this place.
 F = Levels seen in this place.
 G = Mean time per level.
                   A        B        C        D        E       F      G
               +--------+--------+--------+--------+--------+-----+--------+
         Total |   3181 |   3121 |     60 |      0 |   2751 |   4 |  795.2 |
       Dungeon |   3181 |   3121 |     60 |      0 |   2751 |   4 |  795.2 |
               +--------+--------+--------+--------+--------+-----+--------+

Top non-repeatable levels by time:
     D:3: 1510 daAuts
     D:1: 950 daAuts
     D:2: 580 daAuts
     D:4: 140 daAuts

Table legend:
 A = Non-vault XP
 B = Vault XP
 C = Vault XP percentage of total XP
 D = Non-vault monster count
 E = Vault monster count
 F = Vault count percentage of total count
                 A         B        C        D         E       F
            +---------+---------+-------+---------+---------+-------
      Total |     299 |      37 |  11.0 |      47 |       2 |   4.1
            +---------+---------+-------+---------+---------+-------
        D:1 |      25 |       0 |   0.0 |      14 |       0 |   0.0
        D:2 |      27 |       0 |   0.0 |      13 |       0 |   0.0
        D:3 |     163 |      37 |  18.5 |      14 |       2 |  12.5
        D:4 |      84 |       0 |   0.0 |       6 |       0 |   0.0
            +---------+---------+-------+---------+---------+-------
